 Dungeon Crawl Stone Soup version 0.29.1-13-g9f3cf754e1 (webtiles) character file.

Game seed: 8985616426147183069

53 javelincjr the Firebug (level 3, -7/25 HPs)
             Began as a Demonspawn Fire Elementalist on Jan 30, 2023.
             Was a Follower of Qazlal.
             Killed from afar by Sigmund (8 damage)
             ... with a magic dart
             ... on level 3 of the Dungeon.
             The game lasted 00:08:09 (2022 turns).

javelincjr the Firebug (DsFE)                       Turns: 2022, Time: 00:08:09

Health: -7/25      AC:  3    Str: 10    XL:     3   Next: 62%
Magic:  1/6        EV: 12    Int: 16    God:    Qazlal [*.....]
Gold:   86         SH:  6    Dex: 13    Spells: 3/6 levels left

rFire   + . .      SeeInvis .   h - +0 dagger
rCold   . . .      Faith    .   (no shield)
rNeg    . . .      Spirit   .   a - +0 robe
rPois   .          Reflect  .   (no helmet)
rElec   .          Harm     .   (no cloak)
rCorr   .          Rampage  .   r - +0 pair of gloves
Will    .....                   (no boots)
Stlth   ++........              (no amulet)
HPRegen 0.08/turn               o - ring of protection from fire
MPRegen 0.10/turn               (no ring)

@: no status effects
A: large bone plates 1, ignite blood 1
a: Renounce Religion


You were on level 3 of the Dungeon.
You worshipped Qazlal.
Qazlal was aware of your devotion.
You visited 1 branch of the dungeon, and saw 3 of its levels.

You collected 86 gold pieces.

Inventory:

Hand Weapons
 e - a +0 sling
 h - a +0 dagger (weapon)
Armour
 a - a +0 robe (worn)
 r - a +0 pair of gloves (worn)
Jewellery
 o - a ring of protection from fire (left hand)
Wands
 p - a wand of flame (9)
Scrolls
 c - a scroll of poison {unknown}
 d - 5 scrolls of identify {unknown}
 f - 3 scrolls of teleportation {unknown}
 i - 2 scrolls of blinking {unknown}
 j - a scroll of enchant weapon {unknown}
 l - a scroll of noise {unknown}
 q - a scroll of fear {unknown}
 t - a scroll of immolation {unknown}
Potions
 b - a potion of magic
 g - 2 potions of brilliance {unknown}
 k - a potion of curing {unknown}
 m - a potion of invisibility {unknown}
 n - a potion of degeneration {unknown}
 s - a potion of flight {unknown}


   Skills:
 + Level 0.5 Fighting
 + Level 0.2 Ranged Weapons
 + Level 2.0 Dodging
 + Level 1.9 Stealth
 + Level 2.4 Spellcasting
 + Level 1.1 Conjurations
 + Level 3.5 Fire Magic


You had 3 spell levels left.
You knew the following spells:

 Your Spells              Type           Power      Damage    Failure   Level
a - Foxfire               Conj/Fire      36%        2x1d5     8%          1
b - Scorch                Fire           26%        2d6       7%          2

Your spell library contained the following spells:

 Spells                   Type           Power      Damage    Failure   Level
 Conjure Flame            Conj/Fire      9%         6-21      22%         3
 Inner Flame              Hex/Fire       7%         N/A       28%         3
 Flame Wave               Conj/Fire      9%         2d6       58%         4


Dungeon Overview and Level Annotations

Branches:
Dungeon (3/15)

Altars:
Qazlal

Annotations:
D:3 Sigmund


Innate Abilities, Weirdness & Mutations

You are partially covered in large bone plates. (SH +4)
Your demonic aura sometimes causes spilled blood to erupt in flames.


Message History

You bump into the rock wall.
Sigmund closely misses you. Sigmund misses you.
You bump into the rock wall.
You bump into the rock wall.
Sigmund hits you from afar with a +0 scythe.
You're too confused to move!
You feel less confused.
Sigmund hits you from afar with a +0 scythe.
Casting: Foxfire (safe; 8% risk of failure)
Confirm with . or Enter, or press ? or * to list all spells.
Flames lash Sigmund.
Sigmund is moderately wounded.
Sigmund's fire resistance burns away.
Casting: Scorch (safe; 7% risk of failure)
Confirm with . or Enter, or press ? or * to list all spells.
You conjure some foxfire!
Sigmund closely misses you.
The foxfire hits Sigmund.
Sigmund is burned terribly!
Sigmund is heavily wounded.
The foxfire hits Sigmund.
Sigmund is heavily wounded.
Sigmund hits you from afar with a +0 scythe!
Sigmund is no longer more vulnerable to fire.
Casting: Foxfire (safe; 8% risk of failure)
Confirm with . or Enter, or press ? or * to list all spells.
You miscast Foxfire.
You are very lightly contaminated with residual magic.
Nothing appears to happen.
Your magical contamination has completely faded away.
Sigmund casts a spell at you.
You are confused.
You bump into the rock wall.
Sigmund says, "Don't worry, I'll kill you fast."
You bump into the rock wall.
Sigmund closely misses you. Sigmund hits you with a +0 scythe!
* * * LOW HITPOINT WARNING * * *
You feel less confused.
Sigmund screams, "Die, monster!"
Sigmund casts a spell at you. The magic dart hits you!
You die...

#.......#.#..##
#............##
..[####.####.##
#.# #.## #.# #.#
###.####..
#.....####
######.##.....#
#.@....##.....#
#.#######.....#
#°# #....?#### #@#
####.....# #.#
######.....# #.#
##.........##
#.####.#.###....#
#.....###.##.....#
######.# #####.###


You could see Sigmund.

Vanquished Creatures
  5 dart slugs
  4 orcs
  5 ball pythons
  8 endoplasms
  3 goblins (D:1)
  3 hobgoblins
  A bat (D:3)
  2 frilled lizards (D:2)
  3 kobolds
  2 rats
  2 foxfires
38 creatures vanquished.

Vanquished Creatures (collateral kills)
  7 foxfires (D:1)
7 creatures vanquished.

Vanquished Creatures (others)
  83 foxfires
  12 plants (D:1)
95 creatures vanquished.

Grand Total: 140 creatures vanquished

Notes
Turn   | Place    | Note
-------+----------+-------------------------------------------
     0 | D:1      | javelincjr the Demonspawn Fire Elementalist began the quest
                  | for the Orb.
     0 | D:1      | Reached XP level 1. HP: 13/13 MP: 3/3
    71 | D:1      | Reached skill level 3 in Fire Magic
   143 | D:1      | Gained mutation: Your demonic aura sometimes causes spilled
                  | blood to erupt in flames. [demonic ancestry]
   143 | D:1      | Reached XP level 2. HP: 20/20 MP: 5/5
   245 | D:1      | Found a faded altar of an unknown god.
   310 | D:1      | Prayed at the altar of an unknown god.
   310 | D:1      | Became a worshipper of Qazlal Stormbringer
   310 | D:1      | Reached * piety under Qazlal
  1144 | D:2      | Learned a level 2 spell: Scorch
  1283 | D:2      | Gained mutation: You are partially covered in large bone
                  | plates. (SH +4) [demonic ancestry]
  1283 | D:2      | Reached XP level 3. HP: 25/25 MP: 6/6
  1982 | D:3      | Noticed Sigmund
  2020 | D:3      | HP: 1/25 [Sigmund/+0 scythe (10)]
  2022 | D:3      | Killed from afar by Sigmund

Illustrated notes

Levels and vault maps discovered:
D:1:      erik_arrival_blinker_ship, layout_rooms,
          chequers_ecumenical_altar_simple_redux, serial_bayou_lagoon_a,
          minmay_misc_feat_more_columns
D:2:      layout_rooms, minmay_tripent
D:3:      layout_loops_cross, zin_scriptorium, chequers_serial_rivers_large_a,
          minmay_joined_circles, uniq_jessica, uniq_sigmund

Skill      XL: |  1  2  3 |
---------------+----------+-----
Fire Magic     | 3 |  3.5
Dodging        | 2 |  2.0
Fighting       | |  0.5
Ranged Weapons | |  0.2
Stealth        | |  1.9
Spellcasting   | |  2.4
Conjurations   | |  1.1

Action                   || total
-------------------------++-------
Melee: Dagger            ||    38
 Fire: Sling             ||    12
 Cast: Foxfire           ||    54
       Scorch            ||     2
Armor: Robe              ||     3
Dodge: Dodged            ||    24
Block: Other             ||     5
